 Seeded DCSS version 0.28-a0-1510-gd0f6b136d3 (webtiles) character file.

Game seed: 11791701998605686111 (custom seed)

116 murtidash the Skirmisher (level 5, -1/48 HPs)
             Began as a Hill Orc Delver on Jan 15, 2022.
             Slain by an ice beast (4 damage)
             ... on level 4 of the Dungeon.
             The game lasted 00:01:23 (1010 turns).

murtidash the Skirmisher (Hill Orc Delver)          Turns: 1010, Time: 00:01:23

Health: -1/48      AC:  3    Str: 17    XL:     5   Next: 1%
Magic:  5/5        EV: 11    Int: 10    God:
Gold:   3          SH:  0    Dex: 12    Spells: 4/4 levels left

rFire   . . .      SeeInvis .   a - +0 mace
rCold   . . .      Faith    .   (no shield)
rNeg    . . .      Spirit   .   b - +0 leather armour
rPois   .          Reflect  .   (no helmet)
rElec   .          Harm     .   (no cloak)
rCorr   .          Rampage  .   (no gloves)
Will    .....                   (no boots)
Stlth   ++........              (no amulet)
HPRegen 0.16/turn               (no ring)
MPRegen 0.09/turn               (no ring)

@: hasted, very quick
A: no striking features
a: no special abilities


You were on level 4 of the Dungeon.
You visited 1 branch of the dungeon, and saw 2 of its levels.

You collected 3 gold pieces.

Inventory:

Hand Weapons
 a - a +0 mace (weapon)
Armour
 b - a +0 leather armour (worn)
Wands
 g - a wand of digging (3)
Scrolls
 c - a scroll of fog
 d - a scroll of magic mapping {!r}
 i - a scroll of brand weapon {unknown}
 j - a scroll of identify {unknown}


   Skills:
 + Level 5.3 Fighting
 + Level 4.1 Maces & Flails
 - Level 1.5 Dodging
 - Level 4.1 Stealth


You had 4 spell levels left.
You didn't know any spells.
Your spell library was empty.

Dungeon Overview and Level Annotations

Branches:
Dungeon (5/15)
 Temple: D:4-7

Altars:


Message History

You kill the bat!
No target in view!
No target in view!
No target in view!
No target in view!
No target in view!
No target in view!
No target in view!
No target in view!
No target in view!
No target in view!
No target in view!
No target in view!
No target in view!
No target in view!
No target in view!
You see here a bat corpse.
You see here a bat corpse.
Found a stone staircase leading down.
Health restored: 42 A goblin comes into view.
It is wielding a +0 club.
Found an escape hatch in the ceiling.
The goblin shouts!
The goblin hits you but does no damage.
You sock the goblin!
You kill the goblin!
No target in view!
No target in view!
No target in view!
No target in view!
No target in view!
No target in view!
No target in view!
No target in view!
No target in view!
No target in view!
No target in view!
No target in view!
No target in view!
There is a stone staircase leading down here.
An adder skeleton comes into view.
The adder skeleton closely misses you.
You barely miss the adder skeleton.
The adder skeleton closely misses you. x2
You sock the adder skeleton!
The adder skeleton bites you but does no damage.
You hit the adder skeleton. The adder skeleton closely misses you.
You sock the adder skeleton!
You destroy the adder skeleton!
You have reached level 5!
You feel stronger.
Health restored: 48; MP restored: 5 An ice beast comes into view.
You don't have any such object.
Okay, then.
You feel yourself speed up. The ice beast barely misses you.
You hit the ice beast but do no damage. The ice beast hits you.
The ice beast freezes you!
You take 15 damage, and have 33/48 hp.
MASSIVE DAMAGE!!
You are too injured to fight recklessly!
You are too injured to fight recklessly!
You are too injured to fight recklessly!
You are too injured to fight recklessly!
You are too injured to fight recklessly!
You are too injured to fight recklessly!
You are too injured to fight recklessly!
You are too injured to fight recklessly!
You are too injured to fight recklessly!
You are too injured to fight recklessly!
You are too injured to fight recklessly!
You are too injured to fight recklessly!
You are too injured to fight recklessly!
You are too injured to fight recklessly!
You are too injured to fight recklessly!
You are too injured to fight recklessly!
You are too injured to fight recklessly!
You are too injured to fight recklessly!
You are too injured to fight recklessly!
You are too injured to fight recklessly!
You are too injured to fight recklessly!
You are too injured to fight recklessly!
You are too injured to fight recklessly!
You closely miss the ice beast. You closely miss the ice beast.
The ice beast hits you. The ice beast freezes you!
You take 12 damage, and have 21/48 hp.
MASSIVE DAMAGE!!
You hit the ice beast. The ice beast closely misses you.
You sock the ice beast! The ice beast closely misses you.
You barely miss the ice beast. You punch the ice beast.
The ice beast barely misses you.
You sock the ice beast! The ice beast hits you. The ice beast freezes you.
* * * LOW HITPOINT WARNING * * *
You take 10 damage, and have 12/48 hp.
MASSIVE DAMAGE!!
You hit the ice beast. You hit the ice beast but do no damage.
The ice beast hits you.
* * * LOW HITPOINT WARNING * * *
The ice beast freezes you!
* * * LOW HITPOINT WARNING * * *
You hit the ice beast but do no damage. The ice beast hits you.
You die...

....##..###
....##.>..#
#..
#########.###
#.# #...# #.#
###.# #.# #.#
#.# #.# #.#
#.# #Y# #.#
#@# #.# #.#
#.# #.# #.#
#.# #.# #.#
#.# #.### #.#
#...#
#.######.#
#........#


You could see an ice beast.

Vanquished Creatures
  A scorpion (D:5)
  A hound (D:4)
  An adder (D:4)
  A howler monkey skeleton (D:5)
  An adder skeleton (D:4)
  An orc (D:4)
  A goblin (D:4)
  7 bats (D:4)
14 creatures vanquished.

Notes
Turn   | Place    | Note
-------+----------+-------------------------------------------
     0 | D:5      | murtidash the Hill Orc Delver began the quest for the Orb.
     0 | D:5      | Reached XP level 1. HP: 19/19 MP: 1/1
    88 | D:5      | Noticed a scorpion
   130 | D:5      | Reached skill level 4 in Fighting
   130 | D:5      | Reached XP level 2. HP: 9/27 MP: 2/2
   398 | D:5      | Killed a scorpion
   398 | D:5      | HP: 3/27 [poisoned by a scorpion]
   399 | D:5      | Reached skill level 3 in Maces & Flails
   399 | D:5      | Reached XP level 3. HP: 4/35 MP: 3/3
   399 | D:5      | Reached XP level 4. HP: 4/41 MP: 4/4
   572 | D:4      | Reached skill level 5 in Fighting
   625 | D:4      | Reached skill level 4 in Maces & Flails
   977 | D:4      | Reached XP level 5. HP: 48/48 MP: 5/5
   996 | D:4      | Noticed an ice beast
  1009 | D:4      | HP: 3/48 [ice beast (7)]
  1010 | D:4      | Slain by an ice beast

Illustrated notes

Levels and vault maps discovered:
D:4:      layout_basic, roderic_batcave, minmay_door_square,
          corexii_item_surrounded_by_moat, skrybe_limestone_x,
          kennysheep_generic_room_10, uniq_sigmund
D:5:      layout_basic, minitemple, mainiacjoe_overflow_boulevard,
          kennysheep_generic_room_4

Skill      XL: |  1  2  3  4 |
---------------+-------------+-----
Fighting       | 4 5 |  5.3
Maces & Flails | 3 4 |  4.1
Dodging        | |  1.5
Stealth        | |  4.1

Action                   |  1- 3 |  4- 6 || total
-------------------------+-------+-------++-------
Melee: Mace              |    11 |    42 ||    53
       Punch             |       |     1 ||     1
  Use: Scroll            |     1 |       ||     1
       Potion            |       |     2 ||     2
 Stab: Distracted        |     1 |       ||     1
       Sleeping          |       |     2 ||     2
Armor: Leather armour    |       |    15 ||    15
Dodge: Dodged            |     8 |    30 ||    38

Table legend: (Time is in decaauts)
 A = Elapsed time spent in this place.
 B = Non-inter-level travel time spent in this place.
 C = Inter-level travel time spent in this place.
 D = Time resting spent in this place.
 E = Time spent auto-exploring this place.
 F = Levels seen in this place.
 G = Mean time per level.
                   A        B        C        D        E       F      G
               +--------+--------+--------+--------+--------+-----+--------+
         Total |   1016 |   1012 |      4 |    191 |    628 |   2 |  508.0 |
       Dungeon |   1016 |   1012 |      4 |    191 |    628 |   2 |  508.0 |
               +--------+--------+--------+--------+--------+-----+--------+

Top non-repeatable levels by time:
     D:5: 568 daAuts
     D:4: 447 daAuts

Table legend:
 A = Kills in this place as a percentage of kills in entire the game.
 B = Kills by you in this place as a percentage of kills by you in the entire game.
 C = Kills by friends in this place as a percentage of kills by friends in the entire game.
 D = Other kills in this place as a percentage of other kills in the entire game.
 E = Experience gained in this place as a percentage of experience gained in the entire game.
 F = Experience gained in this place divided by the number of levels of this place that you have seen.
                   A       B       C       D       E      F
               +-------+-------+-------+-------+-------+----------------------
         Total | 100.0 | 100.0 |   N/A |   N/A | 100.0 |  83.5
       Dungeon | 100.0 | 100.0 |   N/A |   N/A | 100.0 |  83.5
               +-------+-------+-------+-------+-------+----------------------
